 Dungeon Crawl Stone Soup version 0.23.2-1-ga50397a (webtiles) character file.

Game seed: 12238347120174216174

95 mopl the Ruffian (level 4, -8/35 HPs)
             Began as a Minotaur Transmuter on May 11, 2019.
             Mangled by Grinder (10 damage)
             ... while paralysed by Grinder
             ... on level 3 of the Dungeon.
             The game lasted 00:03:14 (2165 turns).

mopl the Ruffian (Minotaur Transmuter)              Turns: 2165, Time: 00:03:15

Health: -8/35      AC:  2    Str: 15    XL:     4   Next: 39%
Magic:  2/5        EV:  2    Int: 11    God:
Gold:   116        SH:  0    Dex: 10    Spells: 3/6 levels left

rFire    . . .     SeeInvis .     - Unarmed
rCold    . . .     Gourm    .   (no shield)
rNeg     . . .     Faith    .   p - +0 robe
rPois    .         Spirit   .   (helmet restricted)
rElec    .         Reflect  .   (no cloak)
rCorr    .         Harm     .   (no gloves)
MR       .....                  (boots currently unavailable)
Stlth    +.........             (no amulet)
HPRegen  0.11/turn              (no ring)
MPRegen  0.09/turn              (no ring)

@: paralysed, appendage
A: retaliatory headbutt, horns 2, talons 3
a: End Transformation


You were on level 3 of the Dungeon.
You were very hungry.
You had grown temporary talons.
You visited 1 branch of the dungeon, and saw 3 of its levels.

You collected 116 gold pieces.

Inventory:

Hand Weapons
 b - a +0 hunting sling
 l - a +2 hunting sling of velocity
Missiles
 a - 62 arrows
 n - 61 stones (quivered)
Armour
 p - a +0 robe (worn)
Wands
 m - a wand of enslavement (3)
Scrolls
 c - 2 scrolls of enchant weapon {unknown}
 e - a scroll of immolation {unknown}
 f - a scroll of magic mapping {unknown}
 i - 2 scrolls of teleportation {unknown}
 j - 2 scrolls of identify {unknown}
 k - a scroll of remove curse {unknown}
 s - a scroll of amnesia {unknown}
Potions
 h - a potion of might
 o - a potion of heal wounds {unknown}
 q - a potion of mutation {unknown}
 r - a potion of brilliance {unknown}
Comestibles
 d - 6 rations


   Skills:
 - Level 1.2 Fighting
 - Level 2.1 Dodging
 * Level 4.7 Unarmed Combat
 + Level 1.9 Spellcasting
 + Level 2.3 Transmutations


You had 3 spell levels left.
You knew the following spells:

 Your Spells              Type           Power        Failure   Level  Hunger
a - Beastly Appendage     Tmut           #.....       11%         1    ##.....
w - Sticks to Snakes      Tmut           #.......     17%         2    ###....

Your spell library contained the following spells:

 Spells                   Type           Power        Failure   Level  Hunger
 Spider Form              Tmut/Pois      #.........   47%         3    ####...
 Ice Form                 Ice/Tmut       #.......     87%         4    #####..
 Blade Hands              Tmut           #.........   97%         5    ######.


Dungeon Overview and Level Annotations

Branches:
Dungeon (3/15)

Altars:
Yredelemnul
The Shining One

Annotations:
D:3 Grinder


Innate Abilities, Weirdness & Mutations

You reflexively headbutt those who attack you in melee.
You have a pair of horns on your head.
You have claws for feet.


Message History

Your ball python grabs Grinder.
Your ball python constricts Grinder.
You barely miss Grinder. You headbutt Grinder, but do no damage.
Grinder is heavily wounded.
Your ball python bites Grinder but does no damage.
Your ball python constricts Grinder.
Grinder hits you.
* * * LOW HITPOINT WARNING * * *
You writhe in agony.
* * * LOW HITPOINT WARNING * * *
You barely miss Grinder. Your punch misses Grinder.
Grinder is heavily wounded.
Your ball python barely misses Grinder.
Your ball python constricts Grinder.
Grinder completely misses you.
You completely miss Grinder. You headbutt Grinder.
Grinder is heavily wounded.
Your ball python barely misses Grinder.
Your ball python constricts Grinder.
Grinder gestures at you.
You suddenly lose the ability to move!
Your ball python bites Grinder but does no damage.
Your ball python constricts Grinder.
Grinder hits you!
You die...

..# #.# ###
#.# #.# #.#
#.# #.# #.#
###.####.###
(.(((S5@...#
###..#####.#
# #.# #.#
#.# #.# #.#
#.#


You could see Grinder and a friendly ball python.

Vanquished Creatures
  A worker ant (D:2)
  An adder (D:2)
  2 oozes (D:2)
  A worm (D:2)
  3 dart slugs (D:1)
  A leopard gecko (D:2)
  3 giant cockroaches
  9 goblins
  4 hobgoblins
  A ball python (D:1)
  7 bats
  6 frilled lizards
  A kobold (D:1)
  5 rats
45 creatures vanquished.

Notes
Turn   | Place    | Note
-------+----------+-------------------------------------------
     0 | D:1      | mopl the Minotaur Transmuter began the quest for the Orb.
     0 | D:1      | Reached XP level 1. HP: 16/16 MP: 1/1
   219 | D:1      | Reached XP level 2. HP: 23/23 MP: 1/3
   240 | D:1      | Learned a level 2 spell: Sticks to Snakes
   576 | D:1      | Reached skill level 4 in Unarmed Combat
   582 | D:1      | Reached skill level 2 in Transmutations
   735 | D:1      | Reached XP level 3. HP: 28/28 MP: 4/4
  1684 | D:2      | Reached XP level 4. HP: 10/35 MP: 3/5
  1926 | D:2      | Found a glowing golden altar of the Shining One.
  1935 | D:2      | Found a basalt altar of Yredelemnul.
  2070 | D:2      | Noticed an angel
  2150 | D:3      | Noticed Grinder
  2164 | D:3      | Paralysed by Grinder for 5 turns
  2165 | D:3      | Mangled by Grinder

Skill      XL: |  1  2 |
---------------+-------+-----
Unarmed Combat | 4 |  4.7
Transmutations | 2 |  2.3
Fighting       | |  1.2
Dodging        | |  2.1
Spellcasting   | |  1.9

Action                   |  1- 3 |  4- 6 || total
-------------------------+-------+-------++-------
Melee: Unarmed           |   104 |     8 ||   112
       Headbutt          |    12 |     2 ||    14
       Punch             |     3 |     1 ||     4
       Kick              |     5 |     1 ||     6
 Fire: Hunting sling     |       |     6 ||     6
 Cast: Beastly Appendage |    10 |     1 ||    11
       Sticks to Snakes  |       |     1 ||     1
  Use: Potion            |     2 |       ||     2
  Eat: Chunk             |     3 |       ||     3
Armor: Robe              |    25 |       ||    25
Dodge: Dodged            |    73 |     3 ||    76
